 Dungeon Crawl Stone Soup version 0.30.1-9-gdf580d7c3d (webtiles) character file.

Game seed: 9638962027578473070

10074 Peloso the Carver (level 11, -1/92 HPs)
             Began as a Minotaur Fighter on Oct 1, 2023.
             Was an Elder of Okawaru.
             Slain by a cane toad (2 damage)
             ... while petrified by a basilisk
             ... on level 11 of the Dungeon.
             The game lasted 00:21:27 (10501 turns).

Peloso the Carver (Minotaur Fighter)               Turns: 10501, Time: 00:21:28

Health: -1/92      AC: 22    Str: 21    XL:     11   Next: 31%
Magic:  10/10      EV:  2    Int:  5    God:    Okawaru [****..]
Gold:   591        SH:  0    Dex: 14    Spells: 10/10 levels left

rFire   + . .        a - +0 long sword
rCold   . . .        d - +0 tower shield
rNeg    + + +        f - +2 chain mail {rF+}
rPois   ∞            (helmet restricted)
rElec   .            y - +1 cloak {rCorr}
rCorr   +            j - +0 pair of gloves
SInv    .            F - +0 pair of boots
Will    .....        P - amulet of regeneration Stlth
                     S - +4 ring of slaying
HPRegen 1.15/turn    H - +4 ring of protection
MPRegen 0.12/turn

%: no passive effects
@: petrified
A: horns 2, retaliatory headbutt
a: Renounce Religion, Heroism, Finesse


You were on level 11 of the Dungeon.
You worshipped Okawaru.
Okawaru was greatly pleased with you.
You visited 3 branches of the dungeon, and saw 13 of its levels.

You collected 766 gold pieces.
You spent 175 gold pieces at shops.

Inventory:

Hand Weapons
 a - a +0 long sword (weapon)
 b - a +0 dagger of flaming
Armour
 c - a +0 buckler
 d - a +0 tower shield (worn)
 f - a +2 chain mail of fire resistance (worn)
 j - a +0 pair of gloves (worn)
 y - a +1 cloak of preservation (worn)
 F - a +0 pair of boots (worn)
Jewellery
 h - a +5 ring of evasion
 p - an amulet of reflection
 q - an amulet of the acrobat
 H - a +4 ring of protection (right hand)
 P - an amulet of regeneration (around neck)
 R - a ring of resist corrosion
 S - a +4 ring of slaying (left hand)
Wands
 v - a wand of iceblast (14)
 D - a wand of digging (5)
 K - a wand of light (7)
 T - a wand of flame (6)
Scrolls
 g - a scroll of acquirement
 m - 6 scrolls of fear {unknown}
 n - 6 scrolls of teleportation {unknown}
 o - a scroll of enchant armour {unknown}
 r - 3 scrolls of poison {unknown}
 u - 2 scrolls of blinking {unknown}
 z - 3 scrolls of enchant weapon {unknown}
 A - 2 scrolls of amnesia {unknown}
 B - 4 scrolls of torment {unknown}
 C - 2 scrolls of magic mapping {unknown}
 J - 2 scrolls of noise {unknown}
 L - 3 scrolls of brand weapon {unknown}
 N - a scroll of immolation {unknown}
 Q - a scroll of silence {unknown}
Potions
 e - 2 potions of might
 i - 7 potions of ambrosia
 k - a potion of haste
 s - 2 potions of brilliance
 t - a potion of berserk rage
 w - 3 potions of curing
 x - 2 potions of resistance
 E - 4 potions of invisibility
 G - a potion of heal wounds
 I - 2 potions of lignification
 M - 3 potions of flight
Miscellaneous
 O - a phial of floods


   Skills:
 + Level 7.4 Fighting
 + Level 12.7 Long Blades
 + Level 9.3 Armour
 + Level 5.1 Dodging
 + Level 1.1 Stealth
 + Level 12.6 Shields
 + Level 0.1 Evocations


You had 10 spell levels left.
You didn't know any spells.
Your spell library contained the following spells:

 Spells                   Type           Power      Damage    Failure   Level
 Freeze                   Ice            0%         1d3       100%        1
 Necrotise                Necr           0%         1d4       100%        1
 Shock                    Conj/Air       0%         1d3       100%        1
 Static Discharge         Conj/Air       0%         2-2/arc   100%        2
 Frozen Ramparts          Ice            0%         1d1       100%        3
 Hailstorm                Conj/Ice       0%         3d3       100%        3
 Portal Projectile        Hex/Tloc       0%         N/A       100%        3
 Swiftness                Air            0%         N/A       100%        3
 Vampiric Draining        Necr           0%         2d6       100%        3
 Airstrike                Air            0%         2d(0-16)  100%        4
 Leda's Liquefaction      Hex/Erth       0%         N/A       100%        4
 Agony                    Necr           0%         N/A       100%        5
 Call Canine Familiar     Summ           Unusable   N/A       N/A         3
 Summon Lightning Spire   Summ/Air       Unusable   N/A       N/A         4

Dungeon Overview and Level Annotations

Branches:
Dungeon (11/15)            Temple (1/1) D:6            Lair (1/5) D:11
    Orc: D:9-12

Altars:
Ashenzari
Cheibriados
Dithmenos
Elyvilon
Fedhas
Gozag
Hepliaklqana
Kikubaaqudgha
Makhleb
Nemelex Xobeh
Okawaru
Qazlal
Ru
Sif Muna
Trog
Uskayaw
Vehumet
Wu Jian
Xom
Yredelemnul
Zin
The Shining One

Shops:
D:6 *   D:11 *

Portals:
Abyss: D:11

Annotations:
D:6 3 runed translucent doors, Quickbrownfox's ghost, amateur DsCj
D:11 2 transporters, ChadusMaximus's ghost, journeyman HuSu


Innate Abilities, Weirdness & Mutations

You have a pair of horns on your head.
You reflexively headbutt those who attack you in melee.


Message History

The river rat bites you but does no damage.
The basilisk bites you but does no damage.
The yak gores you. The yak gores you but does no damage.
The bullfrog hits you but does no damage.
The cane toad stings you.
The bullfrog hits you but does no damage.
The cane toad stings you.
* * * LOW HITPOINT WARNING * * *
The bullfrog hits you but does no damage. x2
The river rat bites you but does no damage.
The basilisk bites you!
* * * LOW HITPOINT WARNING * * *
The yak gores you.
* * * LOW HITPOINT WARNING * * *
The yak gores you!
* * * LOW HITPOINT WARNING * * *
The cane toad stings you but does no damage.
The cane toad completely misses you.
The bullfrog hits you but does no damage.
The bullfrog hits you.
* * * LOW HITPOINT WARNING * * *
The cane toad stings you but does no damage.
The river rat bites you.
* * * LOW HITPOINT WARNING * * *
The basilisk bites you!
* * * LOW HITPOINT WARNING * * *
The yak gores you!
* * * LOW HITPOINT WARNING * * *
The yak completely misses you. The bullfrog hits you.
* * * LOW HITPOINT WARNING * * *
The cane toad stings you. The bullfrog completely misses you.
The bullfrog hits you but does no damage.
The cane toad stings you but does no damage.
The bullfrog hits you.
* * * LOW HITPOINT WARNING * * *
The river rat bites you but does no damage.
The basilisk bites you.
* * * LOW HITPOINT WARNING * * *
The yak gores you but does no damage. x2; The cane toad stings you.
You die...

#..## #÷# #.# #...## #.## ##)##
#.###..##. # ###'######..[##
#.#....#.. # #.<....##.....##
#.#.#..##. # #......#.......#
#.#.....## # ###......#.......##
#.#.#...#
####.'...............###.#.#..##z
.....#.........FrF....†......©#).
########'##....F@l....##..##..##.
# #.###...FYY...####.##...## #
#.# #.........# #.##....# #.#
##.....P.## #.##...## #.#
#.......#####+.....#. #.#
##.....##..........## ### #.#
##...###......+..... ..# #.#
##...........#..... ..# #.###
##..........##.#..


You could see 2 yaks, 2 cane toads, a basilisk, 2 bullfrogs and a river rat.

Vanquished Creatures
  A manticore (D:11)
  A gargoyle (D:11)
  A cane toad (D:11)
  A troll (D:10)
  A hornet (D:9)
  4 shadows
  21 yaks
  A steam dragon (D:6)
  4 vampire mosquitoes (D:10)
  2 wargs (D:11)
  A water moccasin (D:8)
  6 orc warriors
  2 ice beasts
  A black bear (D:5)
  3 phantoms
  5 centaurs
  4 kobold brigands
  2 bullfrogs
  9 scorpions
  4 wights (D:9)
  5 killer bees (D:8)
  3 howler monkeys
  An electric eel (D:8)
  2 jellies
  A gnoll bouda (D:8)
  A hound (D:7)
  A sleepcap (D:7)
  8 orc priests
  Crazy Yiuf (D:2)
  Terence (D:2)
  14 orc wizards
  5 gnolls (D:8)
  5 adders
  2 shadow imps (D:6)
  2 ufetubi
  4 worms
  4 dart slugs
  57 orcs
  5 bats
  3 endoplasms
  5 giant cockroaches
  6 goblins
  5 hobgoblins
  39 kobolds
  5 quokkas
  12 ball pythons
  6 rats
277 creatures vanquished.

Vanquished Creatures (others)
  A kobold brigand (D:9)
  An orc wizard (D:9)
  An orc (D:8)
3 creatures vanquished.

Grand Total: 280 creatures vanquished

Notes
Turn   | Place    | Note
-------+----------+-------------------------------------------
     0 | D:1      | Peloso the Minotaur Fighter began the quest for the Orb.
     0 | D:1      | Reached XP level 1. HP: 19/19 MP: 0/0
   354 | D:1      | Reached XP level 2. HP: 27/27 MP: 1/1
   834 | D:2      | Reached XP level 3. HP: 33/33 MP: 2/2
   927 | D:2      | Identified the +2 robe of Sosu {Int+7}
   927 | D:2      | Noticed Terence
   941 | D:2      | Killed Terence
   993 | D:2      | Reached XP level 4. HP: 40/40 MP: 3/3
  1514 | D:2      | Found a runed translucent door.
  1515 | D:2      | Noticed Crazy Yiuf
  1867 | D:3      | Found a sparkling altar of Nemelex Xobeh.
  2404 | D:4      | Reached XP level 5. HP: 47/47 MP: 4/4
  2427 | D:4      | Reached skill level 1 in Dodging
  2717 | D:4      | Reached skill level 5 in Long Blades
  2723 | D:4      | Reached XP level 6. HP: 54/55 MP: 5/5
  2870 | D:4      | Reached skill level 5 in Fighting
  3278 | D:4      | Reached skill level 5 in Armour
  3278 | D:4      | Reached skill level 5 in Shields
  3503 | D:5      | Entered Level 5 of the Dungeon
  3504 | D:5      | Found an opulent altar of Gozag.
  3516 | D:5      | Reached XP level 7. HP: 61/61 MP: 6/6
  3683 | D:5      | Found a sacrificial altar of Ru.
  4077 | D:5      | Reached XP level 8. HP: 62/69 MP: 7/7
  4483 | D:2      | Killed Crazy Yiuf
  4649 | D:6      | Found a blossoming altar of Fedhas.
  4987 | D:6      | Found a runed translucent gate.
  4987 | D:6      | Noticed Quickbrownfox's ghost (amateur DsCj)
  4988 | D:6      | Identified the +3 plate armour of Hedge Wizardry {+Inv
                  | Int+3 Slay+2}
  4988 | D:6      | Found a runed translucent gate.
  4989 | D:6      | Found a runed translucent gate.
  5211 | D:6      | Found Idaomuysch's Assorted Antiques.
  5216 | D:6      | Bought a scroll labelled ERUEMI LODA for 25 gold pieces
  5216 | D:6      | Bought a scroll labelled HAXKOW VUAXKUS for 25 gold pieces
  5216 | D:6      | Bought a scroll labelled INAHOPP HYNI for 25 gold pieces
  5418 | D:6      | Found a staircase to the Ecumenical Temple.
  5854 | D:7      | Reached XP level 9. HP: 73/75 MP: 8/8
  6014 | D:7      | Identified the +5 leather armour of the Cricket {rF+}
  6354 | D:8      | Identified the +1 robe of Ajee {rC+ Regen+ Int+3}
  6481 | D:8      | Reached skill level 10 in Long Blades
  6639 | Temple   | Entered the Ecumenical Temple
  6734 | Temple   | Became a worshipper of Warmaster Okawaru
  7278 | D:8      | Reached * piety under Okawaru
  7279 | D:8      | Reached skill level 10 in Shields
  7515 | D:8      | Identified the +3 dagger "Tosoicwe" {heavy, *Corrode rN++
                  | Int+4}
  7707 | D:9      | Reached XP level 10. HP: 46/80 MP: 9/9
  7887 | D:9      | Reached skill level 1 in Stealth
  7895 | D:9      | Reached ** piety under Okawaru
  8145 | D:9      | Paralysed by a hornet for 3 turns
  8608 | D:9      | Found an ancient bone altar of Kikubaaqudgha.
  8748 | D:9      | Found a shimmering blue altar of Sif Muna.
  8888 | D:10     | Entered Level 10 of the Dungeon
  8997 | D:10     | Identified the +2 trident "Qitwyni" {venom, rElec rN+}
  9001 | D:10     | Found a hazy altar of Hepliaklqana.
  9259 | D:10     | Found an ornate altar of the Wu Jian Council.
  9259 | D:10     | Found a radiant altar of Vehumet.
  9259 | D:10     | Found a stormy altar of Qazlal.
  9259 | D:10     | Found a glowing golden altar of the Shining One.
  9436 | D:10     | Reached *** piety under Okawaru
  9600 | D:10     | Found a bloodstained altar of Trog.
  9708 | D:11     | Noticed a manticore
  9715 | D:11     | Killed a manticore
  9760 | D:11     | Found Enuiluiw's Assorted Antiques.
  9763 | D:11     | Bought a murky black potion for 32 gold pieces
  9763 | D:11     | Bought a fuming inky potion for 32 gold pieces
  9763 | D:11     | Bought a scroll labelled FUTO OSOGUN for 36 gold pieces
  9868 | D:11     | Reached XP level 11. HP: 92/92 MP: 10/10
  9909 | D:11     | Found a transporter.
  9914 | D:11     | Found a one-way gate to the infinite horrors of the Abyss.
  9914 | D:11     | Noticed ChadusMaximus's ghost (journeyman HuSu)
  9915 | D:11     | Noticed a wizard
 10000 | D:11     | Noticed a skeletal warrior
 10012 | D:11     | Found a transporter.
 10047 | D:11     | Found a staircase to the Lair.
 10070 | D:11     | Reached **** piety under Okawaru
 10341 | D:11     | Identified a scroll of acquirement
 10383 | Lair:1   | Entered Level 1 of the Lair of Beasts
 10428 | D:11     | Reached skill level 5 in Dodging
 10500 | D:11     | HP: 3/92 [yak (3)]
 10501 | D:11     | HP: 1/92 [basilisk (1)]
 10501 | D:11     | Slain by a cane toad

Illustrated notes

Levels and vault maps discovered:
D:1:      lightli_arrival_boilingwater, layout_loops_ring, minmay_misc_feat_iff,
          minmay_bisected
D:2:      layout_loops_cross, uniq_crazy_yiuf_cottage, uniq_terence
D:3:      layout_loops_ring, nemelex_spade_bored_becter
D:4:      layout_basic
D:5:      layout_basic, nicolae_gozag_seed_capital, nicolae_ru_awakened_eye
D:6:      layout_loops_ring, amcnicky_altar_gilded, temple_hall,
          biasface_ghost_orc_armoury, serial_shops, shop
D:7:      layout_cave_pools, kennysheep_pointless_box
D:8:      layout_basic, lightli_minifort
D:9:      layout_loops_ring, tgw_sif, general_overflow_altar,
          minmay_misc_feat_enclosed
D:10:     layout_basic, kennysheep_mini, nicolae_hepliaklqana_hazy_memory,
          chequers_temple_overflow_statue_of_worship, hangedman_decor_opposing
D:11:     layout_roguey, erik_lair_orcish_takeover,
          gammafunk_ghost_abyssal_escape, serial_shops,
          nicolae_shop_tiny_real_fake_doors, kennysheep_decorative_pillar
Temple:   hellmonk_temple_beads
Lair:1:   kb_forest_paths, layout_big_grid, st_stairs_10,
          nicolae_quartered_pool_impasse, pond

Skill      XL: |  1  2  3  4  5  6  7  8  9 10 11 |
---------------+----------------------------------+-----
Armour         | 4 5 6 7 9 |  9.3
Shields        | 4 5 6 8 10 12 | 12.6
Fighting       | 4 5 6 7 |  7.4
Long Blades    | 3 4 5 6 7 8 10 12 | 12.7
Dodging        | 1 2 3 4 5 |  5.1
Stealth        | 1 |  1.1
Evocations     | |  0.1

Action                     |  1- 3 |  4- 6 |  7- 9 | 10-12 || total
---------------------------+-------+-------+-------+-------++-------
  Melee: Long sword        |    88 |   210 |   463 |   353 ||  1114
         Headbutt          |    12 |    34 |   102 |    77 ||   225
  Evoke: Wand              |       |       |     1 |     2 ||     3
    Use: Potion            |     3 |       |       |       ||     3
         Scroll            |     1 |     2 |     4 |     3 ||    10
 Armour: Scale mail        |    12 |       |       |       ||    12
         Chain mail        |    62 |   104 |   134 |   151 ||   451
  Dodge: Dodged            |    44 |    63 |   143 |   109 ||   359
  Block: Buckler           |    18 |    35 |       |       ||    53
         Kite shield       |       |    22 |       |       ||    22
         Tower shield      |       |    24 |   534 |   300 ||   858
         Reflection        |       |       |    16 |     2 ||    18
